 Dungeon Crawl Stone Soup version 0.27-a0-1232-gc6a4cbde82 (webtiles) character file.

Game seed: 5192747066459800276

53 wakim the Magician (level 4, 0/49 HPs)
             Began as a Djinni Fire Elementalist on June 8, 2021.
             Was an Initiate of Makhleb.
             Slain by Pikel
             ... wielding a +0 whip of freezing
              (1 damage)
             ... on level 4 of the Dungeon.
             The game lasted 00:03:34 (1809 turns).

wakim the Magician (Djinni Fire Elementalist)       Turns: 1809, Time: 00:03:34

Health: 0/49       AC: 22    Str:  7    XL:     4   Next: 11%
Gold:   98         EV:  2    Int: 18    God:    Makhleb [......] SH:  0 Dex: 13

rFire    . . .     SeeInvis .   a - +2 falchion (holy)
rCold    . . .     Faith    .   (no shield)
rNeg     + + +     Spirit   .   (armour currently unavailable)
rPois    ∞         Reflect  .   (helmet currently unavailable)
rElec    .         Harm     .   (cloak currently unavailable)
rCorr    .         Rampage  .   (gloves currently unavailable)
Will     .....     NoTele   +   (boots unavailable)
Stlth    ++........             (no amulet)
HPRegen  0.16/turn              (no ring)
MPRegen  0.00/turn              (no ring)

@: tree-form
A: stationary, stasis, torment immunity, boosted hp, sickness immunity, (fire
resistance 2), (cold vulnerability 1), float, innate caster, hp casting, extra
vitality 1
a: Renounce Religion


You were on level 4 of the Dungeon.
You worshipped Makhleb.
Makhleb was noncommittal.
You were a tree.
You visited 2 branches of the dungeon, and saw 4 of its levels.

You collected 98 gold pieces.

Inventory:

Hand Weapons
 a - a +2 falchion of holy wrath (weapon)
Armour
 d - a +0 robe (melded)
 h - a +2 pair of gloves
Scrolls
 b - a scroll of identify {unknown}
 c - a scroll of magic mapping {unknown}
 f - a scroll of teleportation {unknown}
 g - a scroll of summoning {unknown}
 i - a scroll of blinking {unknown}
Potions
 L - a potion of lignification {!q}


   Skills:
 + Level 1.6 Fighting
 - Level 2.1 Dodging
 - Level 1.5 Stealth
 * Level 3.3 Spellcasting


You couldn't memorise any spells.
You knew the following spells:

 Your Spells              Type           Power      Damage    Failure   Level
a - Foxfire               Conj/Fire      56%        2x1d6     4%          1
b - Inner Flame           Hex/Fire       14%        N/A       12%         3
c - Shock                 Conj/Air       56%        1d6       4%          1
d - Conjure Flame         Conj/Fire      14%        6-21      12%         3
q - Sticky Flame          Conj/Fire      14%        2d4       38%         4
x - Fireball              Conj/Fire      7%         3d5       75%         5
Your spell library was empty.

Dungeon Overview and Level Annotations

Branches:
Dungeon (4/15)             Temple (1/1) D:4

Altars:
Dithmenos
Elyvilon
Fedhas
Hepliaklqana
Kikubaaqudgha
Makhleb
Qazlal
Trog
Vehumet
Wu Jian
The Shining One

Annotations:
D:4 Pikel


Innate Abilities, Weirdness & Mutations

You are a tree.
Your roots penetrate the ground, keeping you stationary.
You cannot be teleported.
You are immune to unholy pain and torment.
Your maximum health is greatly increased.
Your equipment is partially melded.
You are immune to sickness and miasma.
You are immune to poison.
((Your flesh is very heat resistant. (rF++)))
((You are vulnerable to cold. (rC-)))
You float through the air rather than walking.
You learn spells naturally, not from books.
Your magical power is your life essence.
You have superior vitality. (+4 HP)


Message History

A lemure comes into view.
You hear a shout! x2
You conjure some foxfire!
The foxfire hits the lemure.
The lemure is moderately wounded.
Your foxfire dissipates!
The foxfire hits the lemure but does no damage.
The lemure is moderately wounded.
A lemure comes into view.
A lemure comes into view.
The lemure shouts!
Pikel the Slaver comes into view.
He is wielding a +0 whip of freezing.
You conjure some foxfire!
You conjure some foxfire!
The foxfire hits the lemure.
The lemure is moderately wounded.
The foxfire hits the lemure.
The lemure is moderately wounded.
The foxfire hits the lemure.
The lemure is heavily wounded.
The foxfire hits the lemure.
The lemure is heavily wounded.
Pikel drinks a potion.
Pikel seems to speed up.
Pikel says, "You'll make a fine lemure."
Pikel hits you with a +0 whip of freezing.
Pikel freezes you.
Pikel says, "You'll rust in Dis!"
Pikel hits you with a +0 whip of freezing!
* * * LOW HITPOINT WARNING * * *
Pikel freezes you.
* * * LOW HITPOINT WARNING * * *
Pikel hits you with a +0 whip of freezing.
* * * LOW HITPOINT WARNING * * *
Pikel freezes you.
* * * LOW HITPOINT WARNING * * *
It was a potion of lignification.
You turn into a tree.
Your +0 robe melds into your body.
Your roots penetrate the ground.
L - a potion of lignification Pikel hits you with a +0 whip of freezing.
* * * LOW HITPOINT WARNING * * *
Pikel freezes you.
You die...

.......#....#.#.#.#.#......
..####.#.................#.
..# #.##..##.####...#####
### #.##.....# #)..#
#.....#### #...# ####.##
#...# #.# ##.## #########.#
#####.# #.........# #.♣K5.#
#)######### #.###########
..# #.#...).....# ###
#.#.#.....#.# #.#..#.#....#
#..)###..#.##
#####.#..#.#.#.#
#.....#.#.##.#.########
#.#####..<...#.##......


You could see Pikel (fast) and a lemure.

Vanquished Creatures
  An iguana (D:4)
  2 orcs (D:4)
  2 ball pythons
  4 bats
  2 endoplasms
  4 goblins
  A hobgoblin (D:1)
  2 quokkas
  3 frilled lizards
  2 kobolds (D:4)
  3 rats (D:1)
26 creatures vanquished.

Vanquished Creatures (others)
  85 foxfires
85 creatures vanquished.

Grand Total: 111 creatures vanquished

Notes
Turn   | Place    | Note
-------+----------+-------------------------------------------
     0 | D:1      | wakim the Djinni Fire Elementalist began the quest for the
                  | Orb.
     0 | D:1      | Reached XP level 1. HP: 15/15 MP: 0/0
   179 | D:1      | Reached XP level 2. HP: 20/22 MP: 0/0
   272 | D:1      | Found a faded altar of an unknown god.
   775 | D:1      | Reached skill level 1 in Fighting
  1047 | D:2      | Reached XP level 3. HP: 25/27 MP: 0/0
  1047 | D:2      | Learned a level 1 spell: Shock
  1064 | D:2      | You are sucked into a shaft and drop 2 floors!
  1112 | D:4      | Reached skill level 3 in Spellcasting
  1194 | D:4      | Found a staircase to the Ecumenical Temple.
  1208 | Temple   | Entered the Ecumenical Temple
  1438 | Temple   | Became a worshipper of Makhleb the Destroyer
  1688 | D:4      | Reached XP level 4. HP: 28/33 MP: 0/0
  1771 | D:4      | Noticed a lemure
  1773 | D:4      | Noticed a lemure
  1774 | D:4      | Noticed a lemure
  1775 | D:4      | Noticed Pikel
  1809 | D:4      | HP: 1/49 [Pikel/+0 whip of freezing (5)]
  1809 | D:4      | Slain by Pikel

Illustrated notes

Levels and vault maps discovered:
D:1:      lightli_arrival_noodles, layout_basic, basic_ecumenical_altar,
          minmay_misc_feat_ornament
D:2:      layout_loops_ring, grunt_ministairs_8, st_stairs_13
D:4:      layout_loops_cross, minmay_temple_entry_glass, uniq_pikel
Temple:   nicolae_temple_figure_eight

Skill      XL: |  1  2  3 |
---------------+----------+-----
Fighting       | 1 |  1.6
Spellcasting   | 3 |  3.3
Dodging        | |  2.1
Stealth        | |  1.5

Action                   |  1- 3 |  4- 6 || total
-------------------------+-------+-------++-------
 Cast: Foxfire           |    51 |     5 ||    56
  Use: Potion            |       |     1 ||     1
Armor: Robe              |     3 |       ||     3
Dodge: Dodged            |     5 |       ||     5
       Rpst.: Falchion   |     3 |       ||     3

Table legend: (Time is in decaauts)
 A = Elapsed time spent in this place.
 B = Non-inter-level travel time spent in this place.
 C = Inter-level travel time spent in this place.
 D = Time resting spent in this place.
 E = Time spent auto-exploring this place.
 F = Levels seen in this place.
 G = Mean time per level.
                   A        B        C        D        E       F      G
               +--------+--------+--------+--------+--------+-----+--------+
         Total |   1808 |   1784 |     24 |      0 |   1546 |   4 |  452.0 |
       Dungeon |   1565 |   1552 |     13 |      0 |   1353 |   3 |  521.7 |
        Temple |    242 |    231 |     11 |      0 |    193 |   1 |  242.0 |
               +--------+--------+--------+--------+--------+-----+--------+

Top non-repeatable levels by time:
     D:1: 825 daAuts
     D:4: 502 daAuts
  Temple: 242 daAuts
     D:2: 237 daAuts
